 Dungeon Crawl Stone Soup version 0.29-a0-275-g389c0b56f3 (webtiles) character file.

Game seed: 2573837559977662478

643 Armakuni the Twirler (level 7, -3/52 HPs)
             Began as a Human Wanderer on Mar 12, 2022.
             Was a Follower of Elyvilon.
             Killed by divine providence
             ... invoked by an orc priest
              (14 damage)
             ... on level 5 of the Dungeon.
             The game lasted 00:08:20 (5049 turns).

Armakuni the Twirler (Human Wanderer)               Turns: 5049, Time: 00:08:20

Health: -3/52      AC:  8    Str: 15    XL:     7   Next: 81%
Magic:  8/8        EV: 10    Int: 11    God:    Elyvilon [*.....]
Gold:   143        SH:  0    Dex: 13    Spells: 7/8 levels left

rFire   . . .      SeeInvis .   a - +1 lajatang (spect)
rCold   . . .      Faith    .   (shield currently unavailable)
rNeg    . . .      Spirit   .   b - +0 ring mail
rPois   .          Reflect  .   f - +0 helmet
rElec   .          Harm     .   h - +0 cloak
rCorr   .          Rampage  .   j - +0 pair of gloves
Will    .....                   (no boots)
Stlth   ++........              (no amulet)
HPRegen 0.17/turn               L - ring of flight
MPRegen 0.11/turn               (no ring)

@: flying
A: no striking features
a: Renounce Religion, Purification


You were on level 5 of the Dungeon.
You worshipped Elyvilon.
Elyvilon was aware of your devotion.
You visited 2 branches of the dungeon, and saw 6 of its levels.

You collected 143 gold pieces.

Inventory:

Hand Weapons
 a - a +1 spectral lajatang (weapon)
Armour
 b - a +0 ring mail (worn)
 f - a +0 helmet (worn)
 h - a +0 cloak (worn)
 j - a +0 pair of gloves (worn)
Jewellery
 L - a ring of flight (left hand)
Wands
 k - a wand of flame (21)
Scrolls
 e - a scroll of teleportation
Potions
 c - a potion of mutation
 d - a potion of brilliance
 g - a potion of haste
 l - a potion of heal wounds
 m - a potion of curing
 n - a potion of berserk rage


   Skills:
 - Level 3.5 Fighting
 - Level 1.0 Short Blades
 + Level 6.8 Staves
 - Level 1.0 Armour
 - Level 4.0 Stealth
 - Level 1.0 Spellcasting
 - Level 3.0 Translocations


You had 7 spell levels left.
You knew the following spells:

 Your Spells              Type           Power      Damage    Failure   Level
z - Apportation           Tloc           14%        N/A       19%         1

Your spell library contained the following spells:

 Spells                   Type           Power      Damage    Failure   Level
 Blink                    Tloc           14%        N/A       28%         2
 Lesser Beckoning         Tloc           7%         N/A       50%         3
 Sublimation of Blood     Necr           0%         N/A       67%         2
 Conjure Flame            Conj/Fire      0%         6-21      88%         3
 Dazzling Flash           Conj/Hex       0%         N/A       88%         3
 Tukima's Dance           Hex            0%         N/A       88%         3
 Passage of Golubria      Tloc           7%         N/A       88%         4
 Iskenderun's Mystic Bla  Conj/Tloc      3%         2d3       98%         4
 Anguish                  Hex/Necr       0%         N/A       99%         4
 Yara's Violent Unravell  Hex/Tmut       0%         3d3       100%        5
 Death Channel            Necr           0%         N/A       100%        6
 Starburst                Conj/Fire      0%         6d3       100%        6
 Enfeeble                 Hex            0%         N/A       100%        7


Dungeon Overview and Level Annotations

Branches:
Dungeon (5/15)             Temple (1/1) D:4

Altars:
Ashenzari
Cheibriados
Dithmenos
Elyvilon
Gozag
Kikubaaqudgha
Makhleb
Nemelex Xobeh
Okawaru
Qazlal
Ru
Trog
Uskayaw
Wu Jian
Xom
The Shining One


Message History

The centaur shouts!
The centaur wields a +0 shortbow.
The centaur shoots an arrow.
The arrow barely misses you.
The shadow imp shouts, "Back with thee, thou errant limp-willed swadder!"
The centaur shoots an arrow.
The arrow hits you.
The centaur shoots an arrow.
The arrow barely misses you.
The centaur shoots an arrow.
The arrow hits you!
A jelly comes into view.
The shadow imp hits you but does no damage.
The centaur unwields a +0 shortbow.
The centaur barely misses you. The centaur misses you.
You closely miss the centaur.
Your +1 spectral lajatang barely misses the centaur.
The centaur hits you.
The centaur kicks you but does no damage.
An orc priest comes into view. It is wielding a +0 mace.
The shadow imp hits you but does no damage.
You hit the centaur.
The centaur is lightly wounded.
Your +1 spectral lajatang hits the centaur!!
You kill the centaur!
An orc comes into view. It is wielding a +0 dagger.
The shadow imp gestures at you. Pain shoots through your body!
You closely miss the shadow imp.
Your +1 spectral lajatang hits the shadow imp!
You kill the shadow imp!
You hit the jelly.
Your hands burn!
The jelly is lightly wounded.
Your +1 spectral lajatang hits the jelly!
Your +1 spectral lajatang is burned by acid!
Your spectral weapon shares its damage with you!
The orc priest mumbles some strange prayers to Beogh against you.
Beogh smites you!
* * * LOW HITPOINT WARNING * * *
The jelly hits you but does no damage.
You hear a shout! x3
The orc priest mumbles some strange prayers to Beogh against you.
Beogh smites you!
You die...

#.# #.# #.# .
#.# ..
#.#####...
##....oo...
####..ยง)......
#<.@.J........
####..........
########... .


You could see a jelly, an orc priest and an orc.

Vanquished Creatures
  A black bear (D:4)
  A centaur (D:5)
  A wight (D:4)
  A howler monkey (D:5)
  2 orc priests (D:4)
  2 hounds
  2 iguanas
  4 gnolls
  8 adders
  A shadow imp (D:5)
  A worm (D:3)
  3 dart slugs
  9 orcs (D:4)
  3 bats (D:2)
  9 endoplasms
  A giant cockroach (D:1)
  4 goblins
  4 hobgoblins
  4 jackals (D:3)
  5 kobolds
  7 quokkas
  8 ball pythons
  9 frilled lizards
  4 rats
94 creatures vanquished.

Notes
Turn   | Place    | Note
-------+----------+-------------------------------------------
     0 | D:1      | Armakuni the Human Wanderer began the quest for the Orb.
     0 | D:1      | Armakuni set off with the following items: a +0 short
                  | sword, a +0 helmet, a potion of mutation, a +0 leather
                  | armour; and the following spell memorised: Apportation; and
                  | the following spells available to memorise: Blink, Lesser
                  | Beckoning
     0 | D:1      | Reached XP level 1. HP: 13/13 MP: 2/2
    63 | D:1      | Reached skill level 1 in Fighting
   102 | D:1      | Reached XP level 2. HP: 21/21 MP: 3/3
   226 | D:1      | Found a faded altar of an unknown god.
   404 | D:1      | Reached XP level 3. HP: 28/28 MP: 4/4
   710 | D:2      | Got the Grimoire of Scorching Necromancy
  1040 | D:2      | Reached XP level 4. HP: 12/35 MP: 5/5
  1667 | D:2      | Identified a scroll of acquirement
  1667 | D:2      | Acquired a +1 spectral lajatang
  2166 | D:3      | Reached skill level 1 in Staves
  2166 | D:3      | Reached XP level 5. HP: 19/41 MP: 6/6
  2464 | D:3      | Reached skill level 2 in Staves
  3303 | D:4      | Found a staircase to the Ecumenical Temple.
  3318 | Temple   | Entered the Ecumenical Temple
  3553 | Temple   | Became a worshipper of Elyvilon the Healer
  3595 | D:4      | Reached skill level 3 in Staves
  3664 | D:4      | Found a broken altar of Ashenzari.
  3667 | D:4      | Found a stormy altar of Qazlal.
  3673 | D:4      | Reached skill level 4 in Staves
  3673 | D:4      | Reached XP level 6. HP: 47/47 MP: 7/7
  3738 | D:4      | Noticed a black bear
  3741 | D:4      | Killed a black bear
  3742 | D:4      | Reached skill level 5 in Staves
  3808 | D:4      | Reached XP level 7. HP: 33/52 MP: 8/8
  4338 | D:4      | Found an ancient bone altar of Kikubaaqudgha.
  4659 | D:5      | Entered Level 5 of the Dungeon
  4673 | D:5      | Reached * piety under Elyvilon
  4745 | D:5      | Reached skill level 6 in Staves
  5049 | D:5      | Killed from afar by an orc priest

Illustrated notes

Levels and vault maps discovered:
D:1:      lemuel_arrival_room, layout_rooms, nicolae_ecumenical_snake_handling
D:2:      layout_loops_ring
D:3:      layout_basic
D:4:      layout_basic, kiku_gazebo_pond_becter, jmf_multi_god_temple,
          minmay_temple_entry_overgrown, feat_on_display
D:5:      layout_basic, lightli_church_of_beogh
Temple:   oiseaux_autumnal_temple

Skill      XL: |  1  2  3  4  5  6  7 |
---------------+----------------------+-----
Fighting       | 1 2 3 |  3.5
Staves         | 1 4 5 6 |  6.8
Short Blades   | |  1.0
Armour         | |  1.0
Stealth        | |  4.0
Spellcasting   | |  1.0
Translocations | |  3.0

Action                   |  1- 3 |  4- 6 |  7- 9 || total
-------------------------+-------+-------+-------++-------
Melee: Lajatang          |       |    93 |    25 ||   118
 Fire: Hunting sling     |   119 |    33 |       ||   152
  Use: Scroll            |     1 |     3 |     3 ||     7
       Potion            |       |     2 |       ||     2
 Stab: Sleeping          |       |     3 |     2 ||     5
       Distracted        |       |     2 |       ||     2
Armor: Leather armour    |    26 |    15 |       ||    41
       Ring mail         |       |    36 |    11 ||    47
Dodge: Dodged            |    48 |    62 |    13 ||   123

Table legend: (Time is in decaauts)
 A = Elapsed time spent in this place.
 B = Non-inter-level travel time spent in this place.
 C = Inter-level travel time spent in this place.
 D = Time resting spent in this place.
 E = Time spent auto-exploring this place.
 F = Levels seen in this place.
 G = Mean time per level.
                   A        B        C        D        E       F      G
               +--------+--------+--------+--------+--------+-----+--------+
         Total |   5164 |   4681 |    483 |    853 |   2757 |   6 |  860.7 |
       Dungeon |   4903 |   4444 |    459 |    853 |   2539 |   5 |  980.6 |
        Temple |    260 |    236 |     24 |      0 |    218 |   1 |  260.0 |
               +--------+--------+--------+--------+--------+-----+--------+

Top non-repeatable levels by time:
     D:3: 1395 daAuts
     D:2: 1327 daAuts
     D:4: 1302 daAuts
     D:1: 708 daAuts
  Temple: 260 daAuts
     D:5: 169 daAuts
